 Dungeon Crawl Stone Soup version 0.32-a0-485-g70f7560b1c (webtiles) character file.

Game seed: 1282907102972684195

1038 Malificent the Chopper (level 8, -2/66 HPs)
             Began as a Mountain Dwarf Gladiator on Feb 26, 2024.
             Was a Follower of Nemelex Xobeh.
             Slain by a lemure (8 damage)
             ... led by Pikel
             ... on level 6 of the Dungeon.
             The game lasted 00:15:58 (5163 turns).

Malificent the Chopper (Mountain Dwarf Gladiator)   Turns: 5163, Time: 00:15:59

Health: -2/66      AC:  9    Str: 25    XL:     8   Next: 4%
Magic:  10/10      EV:  9    Int:  9    God:    Nemelex Xobeh [*.....]
Gold:   122        SH:  0    Dex: 11    Spells: 7/7 levels left

rFire   . . .        f - +2 war axe (elec)
rCold   . . .        t - +0 kite shield
rNeg    . . .        s - +0 scale mail
rPois   .            c - +0 helmet
rElec   .            (no cloak)
rCorr   .            (no gloves)
SInv    .            n - +0 pair of boots
Will    .....        (no amulet) Stlth
                     u - +6 ring of strength
HPRegen 0.31/turn    (no ring)
MPRegen 0.12/turn

%: no passive effects
@: confused
A: runic magic, artefact enchanting
a: Renounce Religion, Draw Escape, Draw Destruction, Draw Summoning


You were on level 6 of the Dungeon.
You worshipped Nemelex Xobeh.
Nemelex Xobeh was aware of your devotion.
You visited 1 branch of the dungeon, and saw 6 of its levels.

You collected 308 gold pieces.
You spent 186 gold pieces at shops.

Inventory:

Hand Weapons
 f - a +2 war axe of electrocution (weapon)
Missiles
 e - a javelin
Armour
 c - a +0 helmet (worn)
 n - a +0 pair of boots (worn)
 s - a +0 scale mail (worn)
 t - a +0 kite shield (worn)
 y - a +0 chain mail
Jewellery
 h - an amulet of magic regeneration
 u - a +6 ring of strength (left hand)
Wands
 a - a wand of flame (14)
 d - a wand of light (3)
 r - a wand of mindburst (6)
Scrolls
 i - a scroll of fear
 j - 2 scrolls of enchant weapon
 k - a scroll of blinking
 o - a scroll of teleportation
 q - a scroll of amnesia
Potions
 b - a potion of attraction
 g - a potion of brilliance
 m - a potion of might
 v - a potion of lignification
 z - 2 potions of mutation


   Skills:
 + Level 4.1 Fighting
 + Level 7.7 Axes
 + Level 2.1 Throwing
 * Level 3.8 Armour
 + Level 3.1 Dodging
 + Level 0.7 Stealth
 + Level 1.0 Shields
 * Level 3.2 Invocations
 * Level 2.6 Evocations


You had 7 spell levels left.
You didn't know any spells.
Your spell library contained the following spells:

 Spells                   Type           Power      Damage    Failure   Level
 Shock                    Conj/Air       0%         1d3       75%         1
 Blink                    Tloc           0%         N/A       86%         2
 Cigotuvi's Dreadful Rot  Necr/Alch/Air  0%         N/A       86%         2
 Lesser Beckoning         Tloc           0%         N/A       86%         2
 Momentum Strike          Conj/Tloc      0%         3d8       86%         2
 Scorch                   Fire           0%         2d5       86%         2
 Inner Flame              Hex/Fire       0%         N/A       98%         3
 Dispel Undead            Necr           0%         3d6       100%        4
 Flame Wave               Conj/Fire      0%         2d4       100%        4
 Martyr's Knell           Necr/Summ      0%         N/A       100%        4
 Sticky Flame             Fire/Alch      0%         2d4       100%        4
 Death Channel            Necr           0%         N/A       100%        6
 Summon Cactus Giant      Summ           0%         N/A       100%        6


Dungeon Overview and Level Annotations

Branches:
Dungeon (6/15)             Temple (0/1) D:5

Altars:
Nemelex Xobeh

Shops:
D:4 [:[?(   D:5 ?(

Annotations:
D:6 Dowan, Duvessa, Pikel


Innate Abilities, Weirdness & Mutations

Your spellcasting is much less encumbered by armour.
You can use scrolls of enchantment on lesser artefacts.


Message History

You slash the lemure! Pikel waves his whip at you. Pikel closely misses you.
The orc wizard mumbles some strange words.
The orc wizard flickers and vanishes!
Deactivating autopickup; reactivate with Ctrl-A.
The lemure completely misses you. The lemure hits you!
* * * LOW HITPOINT WARNING * * *
Duvessa says, "Did you see that move?
Perfect!"
You slash Pikel!
Pikel is moderately wounded.
You closely miss the lemure. You completely miss something.
You miss the lemure. You hit the lemure.
Pikel hits you with a +0 whip of flaming.
* * * LOW HITPOINT WARNING * * *
Pikel burns you.
* * * LOW HITPOINT WARNING * * *
Something hits you.
* * * LOW HITPOINT WARNING * * *
The lemure hits you.
* * * LOW HITPOINT WARNING * * *
The lemure barely misses you. The lemure hits you.
* * * LOW HITPOINT WARNING * * *
You feel better.
You feel less invigorated.
Pikel zaps a wand.
The bolt of light hits you.
You are confused.
* * * LOW HITPOINT WARNING * * *
Something hits you but does no damage. The lemure hits you.
* * * LOW HITPOINT WARNING * * *
The lemure hits you but does no damage. The lemure hits you.
* * * LOW HITPOINT WARNING * * *
You are too confused!
You are too confused!
You miss the lemure. You miss something. You hit the lemure but do no damage.
Lightning courses through the lemure!! You miss Pikel.
You closely miss the orc. You closely miss the lemure.
Pikel zaps a wand.
The bolt of light misses you. The orc hits you but does no damage.
The lemure hits you but does no damage. x2; The lemure hits you!
You die...
Your body disappears without a glow.

#......... ......
#......... ..e...
#.<.....# .....
#.......# ..[..
#.......#.
#.e#####........
##.o..##......!.
#.{oo...........
#[#5@............
#...K55...#.......
#..................
....................
....................
....................
.....[.............
..........#....[


You could see Pikel, Duvessa (fast), 3 lemures, Dowan and 3 orcs.

Vanquished Creatures
  Edmund (D:4)
  2 ice beasts (D:5)
  A lemure (D:6)
  2 scorpions
  2 bombardier beetles
  An orc priest (D:4)
  A gnoll bouda (D:5)
  3 jellies
  Jessica (D:3)
  Terence (D:3)
  An iguana (D:4)
  4 orc wizards
  5 gnolls (D:5)
  8 adders
  2 ribbon worms (D:2)
  20 orcs
  8 ball pythons
  4 bats
  10 endoplasms
  3 giant cockroaches
  2 hobgoblins
  2 jackals (D:3)
  3 quokkas
  2 frilled lizards
  7 goblins
  5 kobolds
  9 rats
110 creatures vanquished.

Notes
Turn   | Place    | Note
-------+----------+-------------------------------------------
     0 | D:1      | Malificent the Mountain Dwarf Gladiator began the quest for
                  | the Orb.
     0 | D:1      | Reached XP level 1. HP: 17/17 MP: 1/1
   146 | D:1      | Reached XP level 2. HP: 11/24 MP: 2/2
   149 | D:1      | Reached skill level 4 in Axes
   971 | D:2      | Reached XP level 3. HP: 28/30 MP: 3/3
   994 | D:2      | Reached skill level 1 in Armour
  1043 | D:2      | Reached XP level 4. HP: 25/37 MP: 4/4
  1203 | D:2      | Found a faded altar of an unknown god.
  1211 | D:2      | Got Plato's Secrets of Lightning
  1613 | D:2      | Reached skill level 5 in Axes
  1946 | D:3      | Noticed Jessica
  1949 | D:3      | Killed Jessica
  2014 | D:3      | Noticed Terence
  2024 | D:3      | Killed Terence
  2025 | D:3      | Reached XP level 5. HP: 45/45 MP: 5/5
  2524 | D:3      | Reached skill level 6 in Axes
  2899 | D:4      | Found Reat Jyr's Antique Weapon Shoppe.
  2913 | D:4      | Reached XP level 6. HP: 51/51 MP: 6/6
  2978 | D:4      | Found a sparkling altar of Nemelex Xobeh.
  2982 | D:4      | Became a worshipper of Nemelex Xobeh the Trickster
  3110 | D:4      | Reached skill level 1 in Invocations
  3110 | D:4      | Reached skill level 1 in Evocations
  3141 | D:4      | Found Uxaappen's Magic Scroll Shoppe.
  3153 | D:4      | Bought a scroll of enchant weapon for 90 gold pieces
  3153 | D:4      | Bought 3 scrolls of identify for 72 gold pieces
  3153 | D:4      | Bought a scroll of identify for 24 gold pieces
  3170 | D:4      | Noticed an animated plate armour
  3172 | D:4      | Found Hyroets's Armour Shop.
  3174 | D:4      | Noticed an animated gold dragon scales
  3215 | D:4      | Found Cauz's Book Boutique.
  3427 | D:4      | Noticed Edmund
  3433 | D:4      | Killed Edmund
  3434 | D:4      | Reached XP level 7. HP: 58/58 MP: 8/8
  3709 | D:4      | Found Mibbigh's Antique Armour Shop.
  3891 | D:5      | Entered Level 5 of the Dungeon
  3978 | D:5      | Reached * piety under Nemelex Xobeh
  4041 | D:5      | Found a transporter.
  4084 | D:5      | Reached skill level 7 in Axes
  4166 | D:5      | Found Calibarea's Magic Scroll Emporium.
  4168 | D:5      | Found a transporter.
  4178 | D:5      | Received a gift from Nemelex Xobeh
  4366 | D:5      | Found Afig Vepni's Firing Range.
  4420 | D:5      | Found a staircase to the Ecumenical Temple.
  4672 | D:5      | Reached skill level 1 in Shields
  4894 | D:5      | Reached XP level 8. HP: 66/66 MP: 10/10
  5150 | D:6      | Noticed Pikel
  5155 | D:6      | Noticed Dowan
  5159 | D:6      | Noticed Duvessa
  5163 | D:6      | Slain by a lemure

Illustrated notes

Levels and vault maps discovered:
D:1:      dpeg_arrival_more_subterranean_lakeside_camping, layout_basic,
          kennysheep_minor_cross
D:2:      layout_basic, shapermc_ecumenical_altar_rom_forum
D:3:      layout_loops_ring, uniq_terence, uniq_jessica
D:4:      layout_basic, nemelex_dance_club_becter, serial_shops,
          nicolae_book_shop_shelving, nicolae_shop_tiny_waterfront,
          nicolae_lakefront_shop, nicolae_shop_mannequins, shop, uniq_edmund
D:5:      layout_loops_corners, minmay_temple_entry_glassed_door, serial_shops,
          nicolae_shop_drivethru, nicolae_shop_firing_range
D:6:      layout_cave_pools, uniq_duvessa, uniq_pikel

Skill      XL: |  1  2  3  4  5  6  7 |
---------------+----------------------+-----
Axes           | 4 5 6 7 |  7.7
Throwing       | 2 |  2.1
Armour         | 1 2 3 |  3.8
Fighting       | 3 4 |  4.1
Invocations    | 1 3 |  3.2
Evocations     | 1 2 |  2.6
Dodging        | 3 |  3.1
Shields        | 1 |  1.0
Stealth        | |  0.7

Action                     |  1- 3 |  4- 6 |  7- 9 || total
---------------------------+-------+-------+-------++-------
  Melee: War axe           |    69 |   159 |    68 ||   296
  Throw: Throwing net      |       |     5 |       ||     5
  Evoke: Wand              |       |     2 |       ||     2
    Use: Scroll            |       |    13 |       ||    13
         Potion            |       |     2 |     4 ||     6
   Stab: Held in net/web   |       |     2 |       ||     2
 Armour: Leather armour    |    64 |    66 |       ||   130
         Scale mail        |       |    34 |    70 ||   104
  Dodge: Dodged            |    50 |    73 |    40 ||   163
  Block: Kite shield       |       |    11 |    21 ||    32

Table legend: (Time is in decaauts)
 A = Elapsed time spent in this place.
 B = Non-inter-level travel time spent in this place.
 C = Inter-level travel time spent in this place.
 D = Time resting spent in this place.
 E = Time spent auto-exploring this place.
 F = Levels seen in this place.
 G = Mean time per level.
                   A        B        C        D        E       F      G
               +--------+--------+--------+--------+--------+-----+--------+
         Total |   5223 |   5109 |    114 |   1045 |   2932 |   6 |  870.5 |
       Dungeon |   5223 |   5109 |    114 |   1045 |   2932 |   6 |  870.5 |
               +--------+--------+--------+--------+--------+-----+--------+

Top non-repeatable levels by time:
     D:5: 1270 daAuts
     D:3: 1056 daAuts
     D:4: 1007 daAuts
     D:1: 976 daAuts
     D:2: 892 daAuts
     D:6: 19 daAuts
